 Dungeon Crawl Stone Soup version 0.22-a0-469-gf26638a71f (webtiles) character file.

10100 Sergey the Grappler (level 11, -7/117 HPs)
             Began as a Troll Enchanter on June 12, 2018.
             Was an Elder of Okawaru.
             Mangled by an orc warrior
             ... wielding a cursed -3 flail
              (22 damage)
             ... on level 11 of the Dungeon.
             The game lasted 00:37:34 (3996 turns).

Sergey the Grappler (Troll Enchanter)               Turns: 3996, Time: 00:37:34

Health: -7/117     AC:  8    Str: 18    XL:     11   Next: 31%
Magic:  12/12      EV: 10    Int: 14    God:    Okawaru [****..]
Gold:   716        SH:  0    Dex: 10    Spells: 11/12 levels left

rFire    . . .     SeeInvis .     - Unarmed
rCold    . . .     Gourm    +   (no shield)
rNeg     . . .     Faith    .   b - +0 robe
rPois    .         Spirit   .   a - +2 hat {MR+}
rElec    .         Reflect  .   m - +0 cloak
rCorr    .         Harm     .   (gloves unavailable)
MR       +....                  (boots unavailable)
Stlth    ++........             h - amulet of magic regeneration
HPRegen  0.69/turn              (no ring)
MPRegen  0.38/turn              (no ring)

@: very slightly contaminated
A: large, unfitting armour, claws 3, fast metabolism 3, gourmand, regeneration
1, shaggy fur 1, tough skin 2
a: Heroism, Renounce Religion


You were on level 11 of the Dungeon.
You worshipped Okawaru.
Okawaru was greatly pleased with you.
You were very full.

You visited 3 branches of the dungeon, and saw 16 of its levels.

You collected 806 gold pieces.
You spent 90 gold pieces at shops.

Inventory:

Hand Weapons
 k - a +1 dagger of distortion
Missiles
 i - 2 throwing nets (quivered) {!f}
Armour
 a - a +2 hat of magic resistance (worn)
 b - a +0 robe (worn)
 m - a +0 cloak (worn)
Jewellery
 h - an amulet of magic regeneration (around neck)
Wands
 e - a wand of polymorph (12)
 f - a wand of random effects (8)
 t - a wand of flame (10)
Scrolls
 c - 3 scrolls of teleportation {@r3}
 g - 2 scrolls of fog
 j - 2 scrolls of amnesia
 l - 4 scrolls of remove curse {@r2}
 q - a scroll of summoning {unknown}
 r - a scroll of magic mapping
 s - a scroll of holy word {unknown}
Potions
 p - a potion of agility
 u - a potion of magic {unknown}
Comestibles
 d - 11 rations
 n - 3 chunks of flesh


   Skills:
 - Level 9.7 Fighting
 - Level 0.7 Short Blades
 - Level 1.5 Dodging
 - Level 1.5 Stealth
 * Level 13.7 Unarmed Combat
 - Level 1.2 Spellcasting
 - Level 2.0 Hexes
 + Level 3.7 Invocations


You had 11 spell levels left.
You knew the following spells:

 Your Spells              Type           Power        Failure   Level  Hunger
t - Confusing Touch       Hex            #.....       12%         1    ##.....

Your spell library contained the following spells:

 Spells                   Type           Power        Failure   Level  Hunger
 Magic Dart               Conj           #...         26%         1    ##.....
 Apportation              Tloc           #.....       26%         1    ##.....
 Conjure Flame            Conj/Fire      #.......     61%         3    ####...
 Confuse                  Hex            #.......     34%         3    ####...
 Freezing Cloud           Conj/Ice/Air   #.........   100%        6    #######
 Mephitic Cloud           Conj/Pois/Air  #.......     61%         3    ####...
 Ring of Flames           Chrm/Fire      #.........   100%        7    #######
 Summon Small Mammal      Summ           #...         26%         1    ##.....
 Iskenderun's Mystic Bla  Conj           #.......     95%         4    #####..
 Animate Skeleton         Necr           N/A          26%         1    ##.....
 Summon Ice Beast         Ice/Summ       #.......     95%         4    #####..
 Tukima's Dance           Hex            #.......     34%         3    ####...
 Call Canine Familiar     Summ           #.......     61%         3    ####...
 Ensorcelled Hibernation  Hex/Ice        #.....       26%         2    ###....
 Summon Butterflies       Summ           #.......     26%         1    ##.....
 Corona                   Hex            #......      12%         1    ##.....
 Summon Hydra             Summ           #.........   100%        7    #######
 Fulminant Prism          Conj/Hex       #.........   86%         4    #####..
 Dazzling Spray           Conj/Hex       #.....       45%         3    ####...
 Force Lance              Conj/Tloc      #.......     95%         4    #####..
 Searing Ray              Conj           #.....       36%         2    ###....
 Summon Mana Viper        Hex/Summ       #.......     99%         5    ######.
 Poisonous Vapours        Pois/Air       #.....       36%         2    ###....


Dungeon Overview and Level Annotations

Branches:
Dungeon (13/15)            Temple (1/1) D:4             Orc (2/2) D:11
   Lair: D:8-11         Elf: Orc:2       Vaults: D:13-14

Altars:
Ashenzari
Dithmenos
Elyvilon
Fedhas
Gozag
Hepliaklqana
Kikubaaqudgha
Makhleb
Nemelex Xobeh
Okawaru
Ru
Sif Muna
Trog
Uskayaw
Vehumet
Wu Jian
Xom
Yredelemnul
Zin
The Shining One

Shops:
D:4 [   D:5 *   D:13 [   Orc:1 }}

Annotations:
D:6 Sigmund


Innate Abilities, Weirdness & Mutations

You are too large for most types of armour.
You have claws for hands.
Your metabolism is lightning-fast.
You like to eat raw meat.
Your natural rate of healing is unusually fast.
You are covered in fur. (AC +1)
You have very tough skin. (AC +2)


Message History

A wight comes into view. It is wielding a battleaxe.
You closely miss the orc warrior.
The orc warrior is almost dead.
The orc warrior misses you.
You scratch the orc warrior.
The orc warrior is almost dead.
You completely miss the orc warrior.
The orc warrior is almost dead.
The orc warrior hits you but does no damage.
You closely miss the orc warrior.
The orc warrior is almost dead.
The orc warrior hits you with a flail!
* * * LOW HITPOINT WARNING * * *
The orc warrior suddenly curses, as Orcs often do.
A wight comes into view. It is wielding a long sword.
Found a morningstar.
You barely miss the orc warrior.
The orc warrior is almost dead.
The orc warrior hits you with a flail!!
You die...

#..................z....
#....)[.8..).>....8..##
#....)#...............#
.....
#.....##...........#..#
#....
#.....##.....8.....#
#....
#.....#####.....####.
#.... #.....#
##z........ #....
........# #o#.......
#.... ........#
#@#........ #....
...............####+####
#.... ................
..##+ ..........)......
#.. #.......... #..
#+#######... #.. ....
#.. ....# #.. #.. #..


You could see an orc warrior and a wight.

Vanquished Creatures
  Gastronok (D:8)
  Pikel (D:8)
  An orc sorcerer (Orc:1)
  Psyche (D:8)
  A gargoyle (D:11)
  A troll (D:10)
  A merfolk (D:12)
  A vampire (D:12)
  A shadow (D:11)
  2 hungry ghosts
  A steam dragon (D:13)
  A warg (Orc:1)
  Menkaure (D:6)
  Duvessa (D:5)
  A black bear (D:8)
  3 orc warriors
  2 phantoms (D:4)
  An ice beast (D:10)
  2 slaves (D:8)
  3 ogres
  5 centaurs
  2 bullfrogs
  Dowan (D:5)
  2 scorpions
  14 killer bees
  6 wights
  3 crimson imps
  A centaur zombie (D:8)
  A gnoll shaman (D:4)
  2 hounds
  2 jellies (D:6)
  A bullfrog skeleton (D:8)
  A centaur skeleton (D:5)
  5 orc priests
  9 orc wizards
  An iguana (D:6)
  Natasha (twice) (D:4)
  3 worker ants
  A howler monkey zombie (D:6)
  7 adders
  9 gnolls
  2 shadow imps
  2 oozes
  A worm (D:5)
  A dart slug (D:1)
  3 leopard geckos
  42 orcs
  2 giant cockroaches
  6 hobgoblins
  22 jackals
  2 quokkas
  7 bats
  2 frilled lizards
  5 goblins
  4 kobolds
  4 rats
210 creatures vanquished.

Vanquished Creatures (others)
  A leopard gecko (D:8)
1 creature vanquished.

Grand Total: 211 creatures vanquished

Notes
Turn   | Place    | Note
-------+----------+-------------------------------------------
     0 | D:1      | Sergey the Troll Enchanter began the quest for the Orb.
     0 | D:1      | Reached XP level 1. HP: 16/16 MP: 1/1
    49 | D:1      | Reached skill level 1 in Unarmed Combat
    56 | D:1      | Reached XP level 2. HP: 22/24 MP: 2/2
    76 | D:1      | Reached skill level 2 in Unarmed Combat
   111 | D:1      | Reached XP level 3. HP: 20/31 MP: 3/3
   254 | D:1      | Reached skill level 3 in Unarmed Combat
   342 | D:2      | Reached XP level 4. HP: 32/39 MP: 4/4
   353 | D:2      | Reached skill level 4 in Unarmed Combat
   417 | D:2      | Found a glowing golden altar of the Shining One.
   460 | D:3      | Learned a level 1 spell: Confusing Touch
   491 | D:4      | Noticed Natasha
   618 | D:3      | Reached XP level 5. HP: 41/45 MP: 5/5
   857 | D:4      | Found a staircase to the Ecumenical Temple.
   864 | Temple   | Entered the Ecumenical Temple
  1107 | D:4      | Killed Natasha
  1107 | D:4      | Reached skill level 5 in Unarmed Combat
  1129 | D:4      | Found Kaijoud's Armour Boutique.
  1154 | D:4      | Noticed a phantom
  1167 | D:4      | Found a shattered altar of Ashenzari.
  1207 | D:4      | Killed a phantom
  1207 | D:4      | Reached XP level 6. HP: 36/53 MP: 6/6
  1226 | D:4      | Noticed Natasha
  1233 | D:4      | Killed Natasha
  1233 | D:4      | Reached skill level 6 in Unarmed Combat
  1244 | D:4      | Found a shadowy altar of Dithmenos.
  1316 | D:4      | Reached skill level 7 in Unarmed Combat
  1375 | D:4      | Reached XP level 7. HP: 38/59 MP: 7/7
  1475 | D:3      | Found a sparkling altar of Nemelex Xobeh.
  1615 | Temple   | Became a worshipper of Warmaster Okawaru
  1706 | D:5      | Entered Level 5 of the Dungeon
  1768 | D:5      | Reached skill level 8 in Unarmed Combat
  1902 | D:6      | Noticed Menkaure
  1910 | D:6      | Killed Menkaure
  1910 | D:6      | Reached * piety under Okawaru
  1910 | D:6      | Reached skill level 1 in Invocations
  2023 | D:6      | Noticed Sigmund
  2071 | D:5      | Reached XP level 8. HP: 49/67 MP: 8/8
  2102 | D:5      | Reached skill level 9 in Unarmed Combat
  2169 | D:5      | Noticed Duvessa
  2170 | D:5      | Noticed Dowan
  2173 | D:5      | Killed Duvessa
  2177 | D:5      | Killed Dowan
  2210 | D:5      | Found Uxucw's General Store.
  2225 | D:5      | Bought a scroll of fog for 30 gold pieces
  2225 | D:5      | Bought a potion of agility for 60 gold pieces
  2367 | D:6      | Reached skill level 10 in Unarmed Combat
  2378 | D:6      | Reached ** piety under Okawaru
  2463 | D:7      | Found a sparkling altar of Nemelex Xobeh.
  2593 | D:10     | Entered Level 10 of the Dungeon
  2654 | D:9      | Found a white marble altar of Elyvilon.
  2698 | D:9      | Reached XP level 9. HP: 74/74 MP: 10/10
  2763 | D:8      | Noticed Gastronok
  2782 | D:9      | Found a shimmering altar of Xom.
  2792 | D:9      | Reached skill level 11 in Unarmed Combat
  2839 | D:8      | Reached XP level 10. HP: 109/109 MP: 11/11
  2858 | D:8      | Killed Gastronok
  2858 | D:8      | Reached *** piety under Okawaru
  2867 | D:8      | Noticed Psyche
  2877 | D:8      | Killed Psyche
  2877 | D:8      | Reached skill level 12 in Unarmed Combat
  2901 | D:8      | Noticed Pikel
  2921 | D:8      | Killed Pikel
  2921 | D:8      | Reached **** piety under Okawaru
  3069 | D:8      | Found an ornate altar of the Wu Jian Council.
  3128 | D:9      | You fall through a shaft for 3 floors!
  3319 | D:13     | Found Ijothripp's Armour Shoppe.
  3333 | D:13     | Noticed a vault guard
  3506 | D:10     | Reached XP level 11. HP: 101/117 MP: 10/12
  3541 | D:10     | Reached skill level 13 in Unarmed Combat
  3677 | D:11     | Found a staircase to the Orcish Mines.
  3708 | Orc:1    | Entered Level 1 of the Orcish Mines
  3712 | Orc:1    | Noticed an orc sorcerer
  3723 | Orc:1    | Killed an orc sorcerer
  3752 | Orc:1    | Found Nyffejipn's Gadget Shoppe.
  3878 | Orc:1    | Found Loll's Gadget Shoppe.
  3916 | Orc:2    | Entered Level 2 of the Orcish Mines
  3940 | Orc:2    | Noticed an orc knight
  3955 | Orc:2    | Noticed an orc sorcerer
  3996 | D:11     | Mangled by an orc warrior

Vault maps used:
D:1:      erik_arrival_triangle_medium, minmay_tree_intersection,
          minmay_heptomino_h4
D:2:      tso_altar
D:3:      marbit_many_paths
D:4:      old_standard_altar, minmay_temple_entry_statues_pillars, serial_shops,
          shop, first_ration, grunt_dithmenos_shadows, uniq_natasha
D:5:      serial_shops, shop, minivault_1, uniq_duvessa
D:6:      uniq_menkaure, uniq_eustachio, uniq_sigmund
D:7:      nicolae_overflow_hidden_temple, basic_altar
D:8:      lemuel_doored_altar, uniq_gastronok, uniq_psyche, uniq_pikel
D:9:      elyvilon_altar_3, kennysheep_mini_moat, minmay_lair_entry_grove
D:10:     uniq_josephine
D:11:     david_orc_2
D:12:     hangedman_fish_farm
D:13:     cheibrodos_hippocracy, erik_vaults_2, serial_shops, shop,
          kennysheep_pointless_box, uniq_rupert
Temple:   minmay_temple_curvy_branch
Orc:1:    serial_shops, shop, shop, shop
Orc:2:    grunt_orc_gardens, grunt_orc_garden, grunt_orc_garden,
          grunt_orc_garden, grunt_orc_garden, serial_shops, shop

Skill      XL: |  1  2  3  4  5  6  7  8  9 10 11 |
---------------+----------------------------------+-----
Unarmed Combat | 1 2 3 4 5 7 8 10 11 12 13 | 13.7
Invocations    | 2 3 |  3.7
Fighting       | 9 |  9.7
Short Blades   | |  0.7
Dodging        | |  1.5
Stealth        | |  1.5
Spellcasting   | |  1.2
Hexes          | |  2.0

Action                   |  1- 3 |  4- 6 |  7- 9 | 10-12 || total
-------------------------+-------+-------+-------+-------++-------
Melee: Unarmed           |   107 |   148 |   205 |   175 ||   635
       Punch             |       |     1 |     5 |    10 ||    16
Throw: Throwing net      |       |       |     1 |       ||     1
Invok: Heroism           |       |       |     2 |    16 ||    18
Evoke: Wand              |       |       |     7 |    22 ||    29
  Use: Scroll            |       |     6 |     2 |     5 ||    13
       Potion            |       |     4 |     3 |     3 ||    10
 Stab: Sleeping          |       |     1 |     3 |       ||     4
       Held in net/web   |       |       |     2 |       ||     2
       Confused          |       |       |       |     1 ||     1
  Eat: Chunk             |     8 |     6 |    15 |    13 ||    42
Armor: Robe              |    36 |    34 |    40 |    39 ||   149
       Skin              |       |    30 |    36 |       ||    66
Dodge: Dodged            |    62 |    68 |    76 |    90 ||   296

Table legend:
 A = Spawn XP
 B = Non-spawn XP
 C = Spawn XP percentage of total XP
 D = Spawn monster count
 E = Non-spawn monster count
 F = Spawn count percentage of total count
 G = Total turns spent on level
                    A         B        C        D         E        F      G
               +---------+---------+-------+---------+---------+-------+---------
         Total |       0 |   11570 |   0.0 |       0 |     208 |   0.0 |  3996
               +---------+---------+-------+---------+---------+-------+---------
           D:1 |       0 |      57 |   0.0 |       0 |      29 |   0.0 |   265
           D:2 |       0 |      68 |   0.0 |       0 |      11 |   0.0 |   192
           D:3 |       0 |     103 |   0.0 |       0 |      21 |   0.0 |   505
           D:4 |       0 |     613 |   0.0 |       0 |      23 |   0.0 |   479
           D:5 |       0 |     754 |   0.0 |       0 |      27 |   0.0 |   376
           D:6 |       0 |     817 |   0.0 |       0 |      20 |   0.0 |   393
           D:8 |       0 |    3802 |   0.0 |       0 |      12 |   0.0 |   377
           D:9 |       0 |     243 |   0.0 |       0 |       6 |   0.0 |   200
          D:10 |       0 |    1116 |   0.0 |       0 |      16 |   0.0 |   164
          D:11 |       0 |    1388 |   0.0 |       0 |      17 |   0.0 |   260
          D:12 |       0 |     789 |   0.0 |       0 |       4 |   0.0 |   198
          D:13 |       0 |     190 |   0.0 |       0 |       1 |   0.0 |    21
         Orc:1 |       0 |    1378 |   0.0 |       0 |      14 |   0.0 |   222
         Orc:2 |       0 |     252 |   0.0 |       0 |       7 |   0.0 |    40
               +---------+---------+-------+---------+---------+-------+---------
